 Dungeon Crawl Stone Soup version 0.27-a0-887-gcab673c142 (webtiles) character file.

Game seed: 4883502920854654206

226 rageheart7 the Ducker (level 6, -5/53 HPs)
             Began as a Gnoll Monk on Apr 4, 2021.
             Blown up by Ijyb (14 damage)
             ... with a mindburst bolt
             ... on level 4 of the Dungeon.
             The game lasted 00:04:16 (3391 turns).

rageheart7 the Ducker (Gnoll Monk)                  Turns: 3391, Time: 00:04:16

Health: -5/53      AC:  7    Str: 12    XL:     6   Next: 1%
Magic:  3/8        EV: 13    Int:  9    God:
Gold:   131        SH:  0    Dex: 15    Spells: 7/8 levels left

rFire    . . .     SeeInvis .   f - +3 short sword (elec)
rCold    . . .     Faith    .   (no shield)
rNeg     . . .     Spirit   .   m - +0 ring mail
rPois    .         Reflect  .   (no helmet)
rElec    .         Harm     .   (no cloak)
rCorr    .         Rampage  .   j - +1 pair of gloves
Will     .....                  (no boots)
Stlth    ++........             (no amulet)
HPRegen  0.17/turn              a - ring of wizardry
MPRegen  0.11/turn              (no ring)

@: very slightly contaminated
A: fangs 1, strong nose, distributed training
a: no special abilities


You were on level 4 of the Dungeon.
You visited 1 branch of the dungeon, and saw 4 of its levels.

You collected 131 gold pieces.

Inventory:

Hand Weapons
 f - a +3 short sword of electrocution (weapon)
Armour
 j - a +1 pair of gloves (worn)
 m - a +0 ring mail (worn)
Jewellery
 a - a ring of wizardry (left hand)
Scrolls
 g - a scroll of fog
Potions
 c - a potion of degeneration {unknown}
 d - 2 potions of curing
 k - 2 potions of brilliance {unknown}
 o - a potion of flight {unknown}
 p - a potion of resistance {unknown}


   Skills:
 + Level 6.7 Fighting
 + Level 1.7 Short Blades
 + Level 1.7 Long Blades
 + Level 6.7 Axes
 + Level 1.7 Maces & Flails
 + Level 1.7 Polearms
 + Level 1.7 Staves
 + Level 1.7 Slings
 + Level 1.7 Bows
 + Level 1.7 Crossbows
 + Level 1.7 Throwing
 + Level 1.7 Armour
 + Level 6.7 Dodging
 + Level 4.5 Stealth
 + Level 1.7 Shields
 + Level 1.7 Unarmed Combat
 + Level 1.7 Spellcasting
 + Level 1.3 Conjurations
 + Level 1.3 Hexes
 + Level 1.3 Summonings
 + Level 1.3 Necromancy
 + Level 1.3 Translocations
 + Level 1.3 Transmutations
 + Level 1.3 Fire Magic
 + Level 1.3 Ice Magic
 + Level 1.3 Air Magic
 + Level 1.3 Earth Magic
 + Level 1.3 Poison Magic
 + Level 2.0 Invocations
 + Level 1.7 Evocations


You had 7 spell levels left.
You knew the following spells:

 Your Spells              Type           Power      Damage    Failure   Level
a - Magic Dart            Conj           12%        1d3       17%         1

Your spell library contained the following spells:

 Spells                   Type           Power      Damage    Failure   Level
 Blink                    Tloc           N/A        N/A       26%         2
 Call Imp                 Summ           3%         N/A       26%         2
 Slow                     Hex            3%         N/A       26%         2
 Confusing Touch          Hex            3%         N/A       45%         3
 Conjure Flame            Conj/Fire      3%         6-21      45%         3
 Gell's Gravitas          Tloc           1%         N/A       45%         3
 Mephitic Cloud           Conj/Pois/Air  3%         N/A       45%         3
 Petrify                  Tmut/Erth      3%         N/A       83%         4
 Summon Lightning Spire   Summ/Air       3%         N/A       83%         4
 Metabolic Englaciation   Hex/Ice        1%         N/A       99%         5
 Silence                  Hex/Air        1%         N/A       99%         5
 Yara's Violent Unravell  Hex/Tmut       1%         3d3       99%         5
 Conjure Ball Lightning   Conj/Air       1%         3x3d6     100%        6
 Tornado                  Air            1%         N/A       100%        9


Dungeon Overview and Level Annotations

Branches:
Dungeon (4/15)
 Temple: D:4-7

Altars:

Annotations:
D:4 Ijyb


Innate Abilities, Weirdness & Mutations

You have very sharp teeth.
Your uncanny sense of smell can sniff out nearby items.
Your experience applies equally to all skills.


Message History

No target in view!
No target in view!
No target in view!
No target in view!
No target in view!
No target in view!
No target in view!
No target in view!
No target in view!
No target in view!
No target in view!
You see here a worm corpse.
Ijyb the Twisted Goblin comes into view.
She is wielding a +0 dagger and carrying a wand of mindburst (14).
Ijyb is nearby!
Ijyb is nearby!
The magic dart hits Ijyb but does no damage.
Ijyb shouts!
The magic dart hits Ijyb but does no damage.
You miscast Magic Dart.
You are very lightly contaminated with residual magic.
Nothing appears to happen.
You aren't carrying any items that you can evoke.
The magic dart hits Ijyb.
Ijyb is lightly wounded.
You miscast Magic Dart.
Nothing appears to happen.
Ijyb zaps a wand.
You barely resist.
Found a potion of curing.
You hit Ijyb but do no damage.
Ijyb is lightly wounded.
Ijyb zaps a wand.
Your mind is blasted!
You hit Ijyb.
Ijyb is lightly wounded.
Ijyb zaps a wand.
Your mind is blasted!
* * * LOW HITPOINT WARNING * * *
You are too injured to fight recklessly!
You are too injured to fight recklessly!
You hit Ijyb. You bite Ijyb, but do no damage.
Ijyb is lightly wounded.
Ijyb zaps a wand.
Your mind is blasted!
You die...

#.# ##. .!
#.# ... #.
#.# O.. #.
#.# ..# #.
#.# ..#
###.## #.#
..# ....# #.#
..# ######.g#
#.# ..#
.......@# #.#
###
#######.###.#
............#
#######.#####
#.# #.# #.#
#.# #.#


You could see Ijyb.

Vanquished Creatures
  A howler monkey (D:4)
  An iguana (D:4)
  A hound skeleton (D:4)
  4 gnolls
  2 adders
  4 worms
  A dart slug (D:3)
  2 orcs (D:3)
  6 ball pythons
  12 bats
  11 endoplasms
  A giant cockroach (D:2)
  8 goblins
  3 hobgoblins (D:2)
  4 jackals (D:3)
  5 kobolds
  5 quokkas
  5 frilled lizards
  A rat (D:1)
77 creatures vanquished.

Notes
Turn   | Place    | Note
-------+----------+-------------------------------------------
     0 | D:1      | rageheart7 the Gnoll Monk began the quest for the Orb.
     0 | D:1      | Reached XP level 1. HP: 23/23 MP: 1/1
   249 | D:1      | Reached XP level 2. HP: 29/29 MP: 2/2
   668 | D:1      | Reached XP level 3. HP: 31/35 MP: 3/3
   793 | D:2      | Learned a level 1 spell: Magic Dart
   885 | D:2      | Reached skill level 1 in Invocations
   975 | D:2      | Reached skill level 1 in Short Blades
   975 | D:2      | Reached skill level 1 in Long Blades
   975 | D:2      | Reached skill level 1 in Maces & Flails
   975 | D:2      | Reached skill level 1 in Polearms
   975 | D:2      | Reached skill level 1 in Staves
   975 | D:2      | Reached skill level 1 in Slings
   975 | D:2      | Reached skill level 1 in Bows
   975 | D:2      | Reached skill level 1 in Crossbows
   975 | D:2      | Reached skill level 1 in Throwing
   975 | D:2      | Reached skill level 1 in Armour
   975 | D:2      | Reached skill level 1 in Shields
   975 | D:2      | Reached skill level 1 in Unarmed Combat
   975 | D:2      | Reached skill level 1 in Spellcasting
   975 | D:2      | Reached skill level 1 in Evocations
  1333 | D:2      | Reached XP level 4. HP: 41/41 MP: 5/5
  2080 | D:3      | Found a faded altar of an unknown god.
  2614 | D:3      | Reached skill level 1 in Conjurations
  2614 | D:3      | Reached skill level 1 in Hexes
  2614 | D:3      | Reached skill level 1 in Summonings
  2614 | D:3      | Reached skill level 1 in Necromancy
  2614 | D:3      | Reached skill level 1 in Translocations
  2614 | D:3      | Reached skill level 1 in Transmutations
  2614 | D:3      | Reached skill level 1 in Fire Magic
  2614 | D:3      | Reached skill level 1 in Ice Magic
  2614 | D:3      | Reached skill level 1 in Air Magic
  2614 | D:3      | Reached skill level 1 in Earth Magic
  2614 | D:3      | Reached skill level 1 in Poison Magic
  2917 | D:4      | Reached XP level 5. HP: 47/47 MP: 0/7
  3149 | D:4      | Noticed an ogre
  3314 | D:4      | Reached XP level 6. HP: 53/53 MP: 5/8
  3382 | D:4      | Noticed Ijyb
  3391 | D:4      | Blown up by Ijyb

Illustrated notes

Levels and vault maps discovered:
D:1:      saegor_arrival_simple_c, layout_rooms
D:2:      layout_basic, minmay_misc_feat_nine_boxes, grunt_decor_junction,
          minmay_pentomino_u4
D:3:      minmay_diamond_boxcup, layout_loops_ring,
          shapermc_ecumenical_altar_notcrosses
D:4:      layout_basic, nicolae_dithmenos_the_darkroom, uniq_ijyb

Skill      XL: |  1  2  3  4  5  6 |
---------------+-------------------+-----
Invocations    | 1 2 |  2.0
Short Blades   | 1 |  1.7
Long Blades    | 1 |  1.7
Maces & Flails | 1 |  1.7
Polearms       | 1 |  1.7
Staves         | 1 |  1.7
Slings         | 1 |  1.7
Bows           | 1 |  1.7
Crossbows      | 1 |  1.7
Throwing       | 1 |  1.7
Armour         | 1 |  1.7
Shields        | 1 |  1.7
Unarmed Combat | 1 |  1.7
Spellcasting   | 1 |  1.7
Evocations     | 1 |  1.7
Conjurations   | 1 |  1.3
Hexes          | 1 |  1.3
Summonings     | 1 |  1.3
Necromancy     | 1 |  1.3
Translocations | 1 |  1.3
Transmutations | 1 |  1.3
Fire Magic     | 1 |  1.3
Ice Magic      | 1 |  1.3
Air Magic      | 1 |  1.3
Earth Magic    | 1 |  1.3
Poison Magic   | 1 |  1.3
Fighting       | |  6.7
Axes           | |  6.7
Dodging        | |  6.7
Stealth        | |  4.5

Action                   |  1- 3 |  4- 6 || total
-------------------------+-------+-------++-------
Melee: Hand axe          |    48 |       ||    48
       Bite              |     5 |     8 ||    13
       Short sword       |    44 |    79 ||   123
       Punch             |       |     1 ||     1
 Cast: Magic Dart        |    14 |    36 ||    50
  Use: Scroll            |       |     6 ||     6
       Potion            |       |     1 ||     1
 Stab: Sleeping          |     6 |     4 ||    10
Armor: Robe              |    15 |       ||    15
       Ring mail         |       |    18 ||    18
Dodge: Dodged            |    73 |    53 ||   126

Table legend: (Time is in decaauts)
 A = Elapsed time spent in this place.
 B = Non-inter-level travel time spent in this place.
 C = Inter-level travel time spent in this place.
 D = Time resting spent in this place.
 E = Time spent auto-exploring this place.
 F = Levels seen in this place.
 G = Mean time per level.
                   A        B        C        D        E       F      G
               +--------+--------+--------+--------+--------+-----+--------+
         Total |   3395 |   3218 |    177 |      0 |   2674 |   4 |  848.8 |
       Dungeon |   3395 |   3218 |    177 |      0 |   2674 |   4 |  848.8 |
               +--------+--------+--------+--------+--------+-----+--------+

Top non-repeatable levels by time:
     D:3: 1188 daAuts
     D:2: 1073 daAuts
     D:1: 686 daAuts
     D:4: 447 daAuts
